Map: Acid Plant LE

Players

cyan - Winner!

  • Race: Protoss Protoss
  • Spawn Location: 11:00

Cuddlebear

  • Race: Terran Terran
  • Spawn Location: 5:00

Event: WCS Austin 2018

VOD

Have the link to the VOD?

Description

Time

  • Played on: June 1, 2018, 5:50 p.m.
  • Length: 9:58

All games in this series

Show
View Real Time Build Order
Export as new Build Order

cyan Protoss - Winner!

Build Orders: 1 Gate Expand, Oracle Opening, Phoenix Opening 

Get SALT Encoding   

  12  0:00  Probe  
  13  0:12  Probe  
  14  0:17  Pylon  
  14  0:24  Probe  
  15  0:32  Probe  
  15  0:36  Gateway  
  15  0:40  Probe  
  16  0:46  Assimilator  
  17  0:51  Probe  
  18  1:03  Probe  
  19  1:15  Probe  
  20  1:23  Nexus  
  20  1:33  Cybernetics Core  
  20  1:37  Probe  
  21  1:43  Assimilator  
  21  1:49  Probe  
  21  1:53  Pylon  
  22  2:01  Probe  
  22  2:02  Adept  
  23  2:13  Probe  
  26  2:17  Stargate  
  26  2:24  Warp Gate  
  26  2:25  Probe  
  26  2:29  Adept  
  29  2:31  Probe  
  29  2:33  Probe  
  30  2:40  Probe  
  30  2:41  Probe  
  32  2:50  Probe  
  33  2:52  Probe  
  33  2:54  Oracle  
  33  2:56  Adept  
  37  3:02  Probe  
  41  3:07  Probe  
  41  3:12  Pylon  
  42  3:14  Probe  
  42  3:19  Probe  
  44  3:26  Probe  
  45  3:28  Gateway  
  45  3:30  Oracle  
  45  3:31  Probe  
  49  3:38  Probe  
  50  3:42  Pylon  
  50  3:43  Probe  
  51  3:50  Probe  
  51  3:55  Probe  
  53  3:59  Phoenix  
  53  4:02  Probe  
  54  4:07  Probe  
  54  4:09  Nexus  
  57  4:14  Probe  
  57  4:15  Pylon  
  57  4:16  Phoenix  
  58  4:19  Probe  
  58  4:23  Assimilator  
  59  4:25  Assimilator  
  59  4:26  Probe  
  62  4:33  Probe  
  63  4:38  Probe  
  63  4:40  Pylon  
  63  4:41  Phoenix  
  63  4:45  Probe  
  67  4:55  Twilight Council  
  67  4:56  Probe, Forge  
  67  4:57  Probe  
  69  5:00  Protoss Ground Armor Level 1  
  69  5:02  Pylon  
  69  5:04  Shield Battery  
  69  5:06  Phoenix  
  71  5:08  Probe  
  71  5:09  Charge, Probe  
  73  5:17  Sentry  
  73  5:19  Gateway  
  76  5:21  Gateway  
  76  5:22  Gateway  
  76  5:25  Gateway  
  75  5:36  Gateway  
  75  5:41  Gateway  
  75  5:43  Probe x2  
  75  5:44  Probe  
  78  5:55  Zealot x2, Probe  
  78  5:56  Probe  
  84  5:58  Phoenix  
  84  6:01  Pylon, Probe  
  87  6:07  Probe  
  87  6:08  Probe, Pylon  
  89  6:14  Robotics Facility, Pylon  
  89  6:23  Phoenix  
  89  6:24  Zealot x3, Protoss Ground Armor Level 2  
  97  6:29  Zealot x2  
  101  6:35  Zealot x2  
  103  6:45  Zealot x3  
  108  6:48  Probe x3  
  108  6:53  Zealot  
  108  6:54  Zealot x2  
  117  6:58  Phoenix  
  119  7:09  Zealot x3  
  119  7:14  Pylon  
  119  7:15  Templar Archives, Pylon  
  125  7:17  Pylon  
  125  7:18  Assimilator  
  125  7:32  Phoenix, Observer, Pylon  
  128  7:37  Forge  
  128  7:39  Probe x2  
  128  7:40  Probe  
  128  7:41  Pylon  
  131  7:44  Assimilator  
  131  7:45  Pylon  
  131  7:51  Probe x2  
  131  7:53  High Templar x2, Warp Prism  
  131  7:54  High Templar x2  
  131  7:55  Zealot x4  
  149  7:59  Protoss Ground Weapons Level 1  
  149  8:00  Archon  
  149  8:01  Archon  
  151  8:10  Pylon, Nexus  
  151  8:22  High Templar x2  
  151  8:23  Zealot x2  
  152  8:27  Archon  
  147  8:38  Zealot x4  
  147  8:39  Probe  
  147  8:40  Probe x2  
  158  8:41  Gateway  
  158  8:42  Gateway  
  158  9:00  Zealot x5, High Templar  
  158  9:01  Zealot, High Templar  
  170  9:08  Warp Prism  
  164  9:21  Archon  
  156  9:30  Zealot  
  156  9:31  Zealot x4  
  149  9:41  Probe  
  149  9:42  Probe x2  
Show
View Real Time Build Order
Export as new Build Order

Cuddlebear Terran 

Build Orders: MMM Bio 

Get SALT Encoding   

  12  0:00  SCV  
  13  0:12  SCV  
  14  0:17  Supply Depot  
  14  0:24  SCV  
  15  0:38  SCV  
  15  0:39  Barracks  
  16  0:46  Refinery  
  16  0:50  SCV  
  17  1:04  SCV  
  18  1:16  SCV  
  19  1:28  Orbital Command, Marine  
  20  1:48  Barracks Reactor  
  20  1:51  Command Center  
  20  1:55  SCV  
  21  2:07  Factory  
  21  2:08  SCV  
  22  2:14  Supply Depot  
  22  2:19  Refinery  
  22  2:26  Marine  
  23  2:35  Marine, SCV  
  25  2:53  Starport, Widow Mine, Marine  
  25  2:54  Marine  
  25  2:55  SCV  
  30  3:04  Orbital Command  
  29  3:07  SCV  
  29  3:11  Marine  
  29  3:12  Marine  
  32  3:18  Widow Mine  
  32  3:19  SCV  
  35  3:30  Starport Tech Lab  
  35  3:31  Marine x2  
  35  3:32  SCV  
  38  3:34  SCV  
  39  3:44  SCV  
  39  3:46  SCV  
  39  3:47  Factory Tech Lab  
  41  3:55  Marine  
  44  3:56  SCV  
  46  4:03  Medivac, SCV  
  46  4:13  Barracks  
  46  4:14  Barracks  
  46  4:20  Factory Reactor  
  46  4:21  Engineering Bay  
  46  4:29  Supply Depot  
  46  4:31  Supply Depot  
  46  4:33  Refinery x2  
  46  4:45  Starport Reactor  
  46  4:50  Marine x2, Supply Depot, SCV x2  
  50  4:56  Supply Depot  
  50  5:02  SCV x2  
  50  5:03  Stimpack  
  50  5:04  Marine  
  53  5:08  Marine  
  53  5:09  Marine, Combat Shields  
  53  5:10  Marauder  
  53  5:12  Widow Mine  
  59  5:15  SCV x2  
  59  5:16  Widow Mine  
  63  5:25  Marauder  
  63  5:27  SCV x2  
  63  5:28  Medivac  
  69  5:30  Medivac  
  69  5:32  Marine  
  69  5:34  Marine  
  73  5:35  Marine  
  73  5:39  SCV x2  
  76  5:46  Marauder  
  78  6:04  Supply Depot  
  78  6:05  Supply Depot  
  78  6:12  Widow Mine x2, Marine x3, SCV  
  86  6:18  Command Center  
  86  6:19  Terran Infantry Weapons Level 1  
  86  6:22  SCV  
  86  6:25  Marauder, Medivac x2  
  89  6:29  SCV  
  89  6:30  Marine  
  89  6:31  Marauder  
  93  6:34  Marine  
  93  6:35  Widow Mine  
  96  6:46  Marauder  
  94  6:48  Marine  
  94  6:52  Marauder  
  96  6:58  Marine  
  92  7:04  Concussive Shells  
  92  7:06  Marine  
  92  7:07  Marauder  
  85  7:11  Medivac x2, Widow Mine x2  
  85  7:13  Marauder  
  95  7:16  Marine  
  95  7:19  Barracks  
  95  7:20  Barracks  
  96  7:23  Marine  
  96  7:27  SCV x2  
  99  7:30  Supply Depot  
  99  7:32  Orbital Command, Supply Depot  
  98  7:54  Marine  
  98  7:55  Marauder x2, Medivac, Marine  
  98  7:56  Widow Mine x2, Medivac  
  110  8:03  Orbital Command  
  110  8:10  Barracks Tech Lab  
  110  8:11  Ghost Academy, Barracks Reactor  
  110  8:12  Marine x2  
  110  8:16  Marauder  
  110  8:17  Marauder  
  116  8:30  Marauder, Marine x2  
  116  8:34  SCV x2  
  116  8:37  Medivac x2, Widow Mine x2  
  116  8:38  Marauder x2  
  130  8:42  SCV  
  130  8:46  SCV x2  
  130  8:48  Marine x2  
  134  8:51  Marauder  
  134  8:53  Marine x2  
  135  8:59  Marauder, Marine  
  126  9:04  Widow Mine x2  
  126  9:06  Marine x2  
  130  9:11  Marine  
  130  9:13  Marauder  
  130  9:17  Marauder, Marine  
  116  9:20  Marine  
  116  9:23  Marine  
  116  9:24  Marine  
  98  9:29  Marine  
  80  9:34  Marine  
  77  9:50  Command Center  
Tags
 
Add a new tag
Caveats
  • Supply blocks, unpowered buildings, or Contaminate may cause inaccurate times.
  • Supply counts are checked every 10 seconds.